[ AOE2 MATCH · #483104367 ]
UnrankedBritons vs Ethiopians
[ REPLAY ANALYSIS · EXTRACTED FROM THE RECORDED GAME ]
Feudal
—
Castle
—
Imperial
—
| APM avg | 12.8 |
| APM peak | 20 |
| eAPM avg | 9.2 |
| Villagers / military | 15 / 5 |
Focus
⚔️ 34.9% · 🌾 65.1%
Scout Cavalry ×3 · Militia ×1 · Spearman ×1
Feudal
—
Castle
—
Imperial
—
| APM avg | 15.8 |
| APM peak | 45 |
| eAPM avg | 10.0 |
| Villagers / military | 22 / 8 |
Focus
⚔️ 18.6% · 🌾 81.4%
Camel Scout ×8
Feudal
—
Castle
6:50
Imperial
—
| APM avg | 32.2 |
| APM peak | 54 |
| eAPM avg | 18.1 |
| Villagers / military | 20 / 35 |
Focus
⚔️ 41.2% · 🌾 58.8%
Shotel Warrior ×33 · Spearman ×2
Feudal
—
Castle
9:31
Imperial
—
| APM avg | 37.7 |
| APM peak | 58 |
| eAPM avg | 14.4 |
| Villagers / military | 25 / 19 |
Focus
⚔️ 34.4% · 🌾 65.6%
Steppe Lancer ×14 · Fishing Ship ×5 · Scout Cavalry ×3 · Battering Ram ×2
Match map
Initial resources + every placement click. Lines = walls · curves = elevation contours. ◆ gold · ⬟ stone · ● berries · ✦ relic · ◌ wall gap
Your base· ✓ Closed at 11:14 · 152t walls · 2 gate(s)
Primo_Pixha's base· Open — opponent sealed themselves in
coryalan97's base· ✓ Closed at 6:50 · 63t walls · 1 gate(s)
RoscoeBrown's base· ✓ Closed at 9:31 · 7t walls · 1 gate(s)
Smoothed initial terrain · ◌ = detected wall gap · hover for details
Inputs per minute
— chekoww - - Primo_Pixha
Build order — chekoww
62 actions detected in the replay
| 0:18 | Research | Town Watch |
| 0:19 | Create | Villager (Male) |
| 0:19 | Create | Villager (Male) |
| 0:20 | Create | Villager (Male) |
| 0:32 | Build | House |
| 0:34 | Build | House |
| 0:36 | Build | House |
| 1:10 | Build | Stable |
| 1:17 | Research | Double-Bit Axe |
| 1:24 | Create | Villager (Male) |
| 1:24 | Create | Villager (Male) |
| 1:43 | Build | Stable |
| 1:58 | Create | Villager (Male) |
| 1:59 | Create | Villager (Male) |
| 2:24 | Build | Stone Wall |
| 2:33 | Build | Stone Wall |
| 2:37 | Build | Stone Wall |
| 2:42 | Build | Mining Camp |
| 2:46 | Create | Villager (Male) |
| 2:46 | Create | Villager (Male) |
| 2:46 | Create | Villager (Male) |
| 2:47 | Create | Villager (Male) |
| 2:58 | Build | Stable |
| 3:06 | Create | Villager (Male) |
| 3:28 | Create | Scout Cavalry |
| 3:43 | Create | Scout Cavalry |
| 3:52 | Build | Farm |
| 3:56 | Build | Farm |
| 3:59 | Build | Farm |
| 4:21 | Create | Militia |
| 4:21 | Create | Spearman |
| 4:56 | Create | Scout Cavalry |
| 6:07 | Create | Villager (Male) |
| 6:07 | Create | Villager (Male) |
| 6:20 | Build | Stone Wall |
| 6:28 | Build | Watch Tower |
| 6:38 | Research | Wheelbarrow |
| 6:38 | Create | Villager (Male) |
| 6:46 | Build | Stone Wall |
| 7:18 | Build | Stone Wall |
| 7:48 | Build | Stone Wall |
| 8:14 | Build | Stone Wall |
| 8:26 | Build | Mill |
| 9:11 | Build | Stone Wall |
| 9:38 | Build | Farm |
| 9:41 | Build | Farm |
| 9:45 | Build | Farm |
| 9:47 | Build | Farm |
| 9:57 | Build | Stone Wall |
| 10:08 | Build | Stone Wall |
| 10:13 | Build | Gate |
| 10:16 | Build | Gate |
| 10:24 | Build | Farm |
| 10:35 | Build | Stone Wall |
| 10:41 | Build | Farm |
| 11:00 | Build | Stone Wall |
| 11:14 | Research | Castle Age |
| 11:34 | Build | Farm |
| 11:37 | Build | Farm |
| 11:41 | Build | Farm |
| 12:02 | Build | Archery Range |
| 12:26 | Build | Watch Tower |
Build order — Primo_Pixha
62 actions detected in the replay
| 0:08 | Create | Villager (Male) |
| 0:09 | Create | Villager (Male) |
| 0:09 | Create | Villager (Male) |
| 0:38 | Build | Mining Camp |
| 0:40 | Create | Villager (Male) |
| 1:22 | Create | Villager (Male) |
| 1:27 | Build | Farm |
| 1:27 | Build | Farm |
| 1:27 | Build | Farm |
| 1:29 | Build | House |
| 1:30 | Build | House |
| 1:49 | Build | House |
| 1:50 | Build | House |
| 1:54 | Build | House |
| 2:11 | Research | Double-Bit Axe |
| 2:22 | Create | Villager (Male) |
| 2:22 | Create | Villager (Male) |
| 2:59 | Build | Farm |
| 2:59 | Build | Farm |
| 3:00 | Build | Farm |
| 3:03 | Build | Farm |
| 3:04 | Build | Farm |
| 3:14 | Research | Horse Collar |
| 3:14 | Research | Horse Collar |
| 3:21 | Create | Villager (Male) |
| 3:32 | Create | Villager (Male) |
| 3:55 | Create | Villager (Male) |
| 4:25 | Create | Villager (Male) |
| 4:30 | Build | Stable |
| 4:32 | Build | Stable |
| 4:38 | Create | Villager (Male) |
| 4:49 | Build | Farm |
| 5:30 | Create | Camel Scout |
| 5:30 | Create | Camel Scout |
| 5:30 | Create | Camel Scout |
| 5:31 | Research | Bloodlines |
| 5:50 | Create | Camel Scout |
| 5:51 | Create | Camel Scout |
| 6:12 | Create | Villager (Male) |
| 6:13 | Create | Villager (Male) |
| 6:22 | Create | Villager (Male) |
| 6:22 | Create | Villager (Male) |
| 7:08 | Research | Town Watch |
| 7:11 | Create | Villager (Male) |
| 7:11 | Create | Villager (Male) |
| 7:18 | Research | Scale Barding Armor |
| 7:18 | Research | Forging |
| 7:32 | Create | Villager (Male) |
| 7:32 | Create | Villager (Male) |
| 7:38 | Create | Camel Scout |
| 7:38 | Create | Camel Scout |
| 7:46 | Build | Dock |
| 7:50 | Build | Dock |
| 7:53 | Build | House |
| 7:53 | Build | House |
| 7:53 | Build | House |
| 8:07 | Create | Villager (Male) |
| 8:07 | Create | Villager (Male) |
| 8:50 | Build | Lumber Camp |
| 8:55 | Build | House |
| 9:51 | Build | Mining Camp |
| 9:55 | Create | Camel Scout |
Build order — coryalan97
106 actions detected in the replay
| 0:00 | Create | Villager (Male) |
| 0:01 | Create | Villager (Male) |
| 0:01 | Create | Villager (Male) |
| 0:01 | Create | Villager (Male) |
| 0:03 | Create | Villager (Male) |
| 0:04 | Create | Villager (Male) |
| 0:16 | Build | House |
| 0:19 | Build | House |
| 0:22 | Build | Palisade Wall |
| 0:28 | Build | Palisade Wall |
| 0:35 | Build | House |
| 0:36 | Build | Palisade Wall |
| 0:37 | Build | Palisade Wall |
| 0:58 | Create | Villager (Male) |
| 1:00 | Build | Farm |
| 1:10 | Build | Market |
| 1:15 | Build | House |
| 1:18 | Build | Palisade Wall |
| 1:22 | Build | Palisade Wall |
| 1:24 | Build | Palisade Wall |
| 1:29 | Build | Palisade Wall |
| 1:33 | Build | Palisade Wall |
| 1:34 | Build | Palisade Wall |
| 1:35 | Build | Palisade Wall |
| 1:43 | Build | Palisade Wall |
| 1:44 | Build | Palisade Wall |
| 1:45 | Build | Palisade Wall |
| 1:46 | Build | Palisade Wall |
| 1:49 | Build | Palisade Wall |
| 2:04 | Build | House |
| 2:05 | Build | Palisade Wall |
| 2:17 | Build | Mining Camp |
| 2:19 | Create | Villager (Male) |
| 2:23 | Build | Farm |
| 2:23 | Build | Farm |
| 2:23 | Build | Farm |
| 2:24 | Build | Farm |
| 2:28 | Build | House |
| 2:29 | Build | Palisade Wall |
| 2:32 | Build | Palisade Wall |
| 2:46 | Build | Palisade Wall |
| 2:50 | Build | Palisade Wall |
| 3:08 | Build | Palisade Wall |
| 3:10 | Build | Palisade Wall |
| 3:42 | Build | Farm |
| 4:10 | Research | Castle Age |
| 4:49 | Research | Double-Bit Axe |
| 5:01 | Build | Farm |
| 5:09 | Research | Horse Collar |
| 5:38 | Build | Palisade Gate |
| 5:54 | Create | Villager (Male) |
| 5:55 | Create | Villager (Male) |
| 5:56 | Create | Villager (Male) |
| 6:04 | Create | Villager (Male) |
| 6:15 | Build | Farm |
| 6:50 | Age | Castle Age |
| 7:00 | Build | Castle |
| 7:08 | Create | Villager (Male) |
| 7:12 | Research | Heavy Plow |
| 7:15 | Research | Scale Mail Armor |
| 7:16 | Research | Forging |
| 7:21 | Create | Villager (Male) |
| 7:42 | Build | Farm |
| 7:47 | Create | Spearman |
| 7:57 | Research | Chain Mail Armor |
| 8:04 | Create | Spearman |
| 8:14 | Build | Town Center |
| 8:41 | Create | Shotel Warrior |
| 8:41 | Create | Shotel Warrior |
| 8:41 | Create | Shotel Warrior |
| 8:41 | Create | Shotel Warrior |
| 8:42 | Create | Shotel Warrior |
| 8:42 | Create | Shotel Warrior |
| 8:51 | Create | Shotel Warrior |
| 8:52 | Create | Shotel Warrior |
| 8:52 | Create | Shotel Warrior |
| 8:52 | Create | Shotel Warrior |
| 9:11 | Create | Shotel Warrior |
| 9:54 | Create | Shotel Warrior |
| 9:54 | Create | Shotel Warrior |
| 9:54 | Create | Shotel Warrior |
| 10:36 | Create | Villager (Male) |
| 10:37 | Create | Villager (Male) |
| 10:37 | Create | Villager (Male) |
| 10:39 | Create | Villager (Male) |
| 10:39 | Create | Villager (Male) |
| 10:39 | Create | Villager (Male) |
| 10:43 | Create | Shotel Warrior |
| 10:44 | Create | Shotel Warrior |
| 10:54 | Create | Shotel Warrior |
| 10:54 | Create | Shotel Warrior |
| 10:54 | Create | Shotel Warrior |
| 11:13 | Create | Shotel Warrior |
| 11:14 | Create | Shotel Warrior |
| 11:14 | Create | Shotel Warrior |
| 12:45 | Create | Shotel Warrior |
| 12:46 | Create | Shotel Warrior |
| 12:46 | Create | Shotel Warrior |
| 12:46 | Create | Shotel Warrior |
| 12:46 | Create | Shotel Warrior |
| 12:47 | Create | Shotel Warrior |
| 12:47 | Create | Shotel Warrior |
| 12:47 | Create | Shotel Warrior |
| 12:47 | Create | Shotel Warrior |
| 12:48 | Create | Shotel Warrior |
| 12:48 | Create | Shotel Warrior |
Build order — RoscoeBrown
90 actions detected in the replay
| 0:00 | Create | Villager (Male) |
| 0:01 | Create | Villager (Male) |
| 0:01 | Create | Villager (Male) |
| 0:18 | Build | House |
| 0:19 | Build | Stable |
| 0:39 | Build | Stable |
| 0:40 | Build | House |
| 0:46 | Create | Villager (Male) |
| 1:12 | Research | Forging |
| 1:18 | Create | Villager (Male) |
| 1:31 | Create | Scout Cavalry |
| 1:36 | Build | House |
| 1:37 | Build | Palisade Wall |
| 1:41 | Build | Dock |
| 1:51 | Create | Scout Cavalry |
| 2:06 | Create | Villager (Male) |
| 2:16 | Build | House |
| 2:18 | Build | Palisade Wall |
| 2:22 | Build | House |
| 2:36 | Build | Palisade Wall |
| 2:45 | Create | Villager (Male) |
| 2:45 | Create | Villager (Male) |
| 2:52 | Research | Double-Bit Axe |
| 2:58 | Create | Scout Cavalry |
| 3:03 | Create | Fishing Ship |
| 3:03 | Create | Fishing Ship |
| 3:11 | Build | Mill |
| 3:23 | Create | Villager (Male) |
| 3:33 | Build | Palisade Gate |
| 3:38 | Build | House |
| 3:39 | Build | Palisade Wall |
| 3:42 | Create | Villager (Male) |
| 3:57 | Create | Villager (Male) |
| 3:57 | Create | Villager (Male) |
| 3:59 | Create | Fishing Ship |
| 4:19 | Create | Villager (Male) |
| 4:54 | Build | House |
| 4:55 | Build | House |
| 5:22 | Create | Villager (Male) |
| 5:39 | Build | Pasture |
| 5:41 | Create | Villager (Male) |
| 5:46 | Build | Stable |
| 5:51 | Build | Pasture |
| 5:52 | Build | Pasture |
| 6:01 | Build | House |
| 6:02 | Build | House |
| 6:04 | Create | Fishing Ship |
| 6:10 | Create | Villager (Male) |
| 6:51 | Research | Castle Age |
| 7:05 | Build | Stable |
| 7:32 | Build | Pasture |
| 7:35 | Research | Scale Barding Armor |
| 7:56 | Build | Stable |
| 7:57 | Build | House |
| 8:17 | Research | Gold Mining |
| 8:26 | Build | Pasture |
| 9:31 | Age | Castle Age |
| 9:36 | Create | Steppe Lancer |
| 9:37 | Create | Steppe Lancer |
| 9:37 | Create | Steppe Lancer |
| 9:37 | Create | Steppe Lancer |
| 9:37 | Create | Steppe Lancer |
| 9:38 | Create | Steppe Lancer |
| 9:41 | Build | Town Center |
| 9:45 | Create | Fishing Ship |
| 9:53 | Build | Stone Wall |
| 10:00 | Create | Villager (Male) |
| 10:11 | Create | Steppe Lancer |
| 10:12 | Create | Steppe Lancer |
| 10:12 | Create | Steppe Lancer |
| 10:12 | Create | Steppe Lancer |
| 10:22 | Research | Husbandry |
| 10:23 | Create | Steppe Lancer |
| 10:33 | Create | Villager (Male) |
| 10:34 | Create | Villager (Male) |
| 10:47 | Build | Siege Workshop |
| 11:00 | Build | House |
| 11:24 | Create | Steppe Lancer |
| 11:24 | Create | Steppe Lancer |
| 11:25 | Create | Steppe Lancer |
| 11:29 | Create | Villager (Male) |
| 11:34 | Build | Mining Camp |
| 11:34 | Create | Villager (Male) |
| 11:35 | Create | Villager (Male) |
| 12:40 | Create | Villager (Male) |
| 12:41 | Create | Villager (Male) |
| 12:41 | Create | Villager (Male) |
| 12:47 | Create | Battering Ram |
| 12:47 | Create | Battering Ram |
| 12:49 | Build | Siege Workshop |
Match timeline
| 0:19 | RoscoeBrown · first_building Stable |
| 0:22 | coryalan97 · wall_segment Palisade Wall x4 |
| 0:28 | coryalan97 · wall_segment Palisade Wall x3 |
| 0:36 | coryalan97 · wall_segment Palisade Wall x1 |
| 0:37 | coryalan97 · wall_segment Palisade Wall x1 |
| 1:10 | chekoww · first_building Stable |
| 1:18 | coryalan97 · wall_segment Palisade Wall x1 |
| 1:22 | coryalan97 · wall_segment Palisade Wall x6 |
| 1:24 | coryalan97 · wall_segment Palisade Wall x1 |
| 1:29 | coryalan97 · wall_segment Palisade Wall x6 |
| 1:33 | coryalan97 · wall_segment Palisade Wall x1 |
| 1:34 | coryalan97 · wall_segment Palisade Wall x1 |
| 1:35 | coryalan97 · wall_segment Palisade Wall x1 |
| 1:37 | RoscoeBrown · wall_segment Palisade Wall x1 |
| 1:41 | RoscoeBrown · first_building Dock |
| 1:43 | coryalan97 · wall_segment Palisade Wall x6 |
| 1:44 | coryalan97 · wall_segment Palisade Wall x1 |
| 1:45 | coryalan97 · wall_segment Palisade Wall x1 |
| 1:46 | coryalan97 · wall_segment Palisade Wall x1 |
| 1:49 | coryalan97 · wall_segment Palisade Wall x1 |
| 2:05 | coryalan97 · wall_segment Palisade Wall x3 |
| 2:18 | RoscoeBrown · wall_segment Palisade Wall x1 |
| 2:24 | chekoww · wall_segment Stone Wall x27 |
| 2:29 | coryalan97 · wall_segment Palisade Wall x2 |
| 2:32 | coryalan97 · wall_segment Palisade Wall x9 |
| 2:33 | chekoww · wall_segment Stone Wall x10 |
| 2:36 | RoscoeBrown · wall_segment Palisade Wall x4 |
| 2:37 | chekoww · wall_segment Stone Wall x10 |
| 2:46 | coryalan97 · wall_segment Palisade Wall x5 |
| 2:50 | coryalan97 · wall_segment Palisade Wall x1 |
| 3:08 | coryalan97 · wall_segment Palisade Wall x5 |
| 3:10 | coryalan97 · wall_segment Palisade Wall x3 |
| 3:22 | coryalan97 · first_market_sell 100 wood |
| 3:23 | coryalan97 · first_market_buy 100 food |
| 3:39 | RoscoeBrown · wall_segment Palisade Wall x1 |
| 4:30 | Primo_Pixha · first_building Stable |
| 6:20 | chekoww · wall_segment Stone Wall x4 |
| 6:46 | chekoww · wall_segment Stone Wall x18 |
| 6:50 | coryalan97 · age_up castle |
| 7:00 | coryalan97 · first_building Castle |
| 7:18 | chekoww · wall_segment Stone Wall x5 |
| 7:46 | Primo_Pixha · first_building Dock |
| 7:48 | chekoww · wall_segment Stone Wall x8 |
| 8:14 | chekoww · wall_segment Stone Wall x22 |
| 9:11 | chekoww · wall_segment Stone Wall x8 |
| 9:31 | RoscoeBrown · age_up castle |
| 9:53 | RoscoeBrown · wall_segment Stone Wall x12 |
| 9:57 | chekoww · wall_segment Stone Wall x13 |
| 10:07 | Primo_Pixha · resign |
| 10:08 | chekoww · wall_segment Stone Wall x16 |
| 10:35 | chekoww · wall_segment Stone Wall x9 |
| 10:47 | RoscoeBrown · first_building Siege Workshop |
| 11:00 | chekoww · wall_segment Stone Wall x19 |
| 12:02 | chekoww · first_building Archery Range |
[ AI ANALYSIS · 1 CREDIT ]
What really happened in this match?
Wolo.gg analyzes every decision: build order, eco, micro, common mistakes by bracket. Personalized analysis on WhatsApp or Discord in 30 seconds.
Civ guide
Britons
Perfil
Jugador #11664852